[Event "GER-ch Youth-U18w 2023"]
[Site "Willingen"]
[Date "2023.06.02"]
[Round "8.6"]
[White "Doll, Rebecca"]
[Black "Henninger, Claire"]
[Result "1-0"]
[Annotator "TA"]
[ECO "B19"]
[WhiteElo "1918"]
[BlackElo "1610"]
[PlyCount "117"]
[EventDate "2022.06.05"]
[EventType "swiss"]
[EventRounds "9"]
[EventCountry "GER"]
[SourceTitle "playchess.com"]
[Source "ChessBase"]
[SourceQuality "1"]
[TimeControl "40/4500+30:900+30"]

1. e4 c6 2. d4 d5 3. Nd2 dxe4 4. Nxe4 Bf5 5. Ng3 Bg6 6. Nf3 Nd7 7. h4 h6 8. h5 Bh7 9. Bd3 Bxd3 10. Qxd3 e6 11. Bd2 Ngf6 12. O-O-O Bd6 13. Ne4 Nxe4 14. Qxe4 Nf6 15. Qe2 Qc7 16. g3 {[%emt 0:00:00] B19: Classical Caro-Kann: 4...Bf5 main line.} Nd5 17. c4 Nf6 18. Kb1 {[%emt 0:04:38] [#] White is slightly better.} O-O $146 ({Predecessor:} 18... b6 19. Bc3 O-O-O 20. d5 exd5 21. Bxf6 gxf6 22. cxd5 c5 23. Nh4 Qd7 {0-1 Sandanov,T (1641)-Poletaev,V (1970) Ulan-Ude Baikal op 13th 2017 (8)}) 19. Rdg1 (19. g4 $16) 19... Rfe8 (19... Nh7 $1 $14) 20. c5 (20. g4 $1 $18 {[%cal Rg4g5] Threatens to win with g5.} Bf4 21. g5 {[%mdl 64] X-Ray Attack} hxg5 22. Nxg5 Bxd2 23. Qxd2) 20... Be7 $16 21. g4 $1 {[%emt 0:04:15] aiming for g5.} Nh7 22. g5 hxg5 23. Nxg5 (23. h6 g6 $11) 23... Qd8 $2 (23... Bxg5 $16 {keeps fighting.} 24. Bxg5 f6) 24. Nxh7 $18 Kxh7 25. Qe4+ (25. Qg4 $6 Bf6 $14) 25... Kh8 26. Bf4 {[%emt 0:15:23] White is much more active.} ({Reject} 26. h6 $6 g6 $14) (26. Bc3 $16) 26... Qd5 $11 27. Qxd5 $40 {[%emt 0:10:58][%mdl 128] White has some attack.} exd5 28. Be5 f6 29. Bf4 {[%emt 0:00:16] Hoping for Rg6.} b6 (29... Bf8 $11) 30. b4 bxc5 31. bxc5 ({Don't play} 31. dxc5 $6 Bf8 $11) 31... Bf8 {[%emt 0:00:43] [#]} 32. Re1 $1 {[%emt 0:00:48] Prevents Re2.} Kh7 33. Kc2 Rad8 {[%emt 0:02:35] [#]} (33... Rxe1 $16 {might work better.} 34. Rxe1 Rc8) 34. Kd3 $1 $18 Rc8 35. f3 ({White should play} 35. Rxe8 Rxe8 36. Rb1) 35... Kg8 $2 (35... Rxe1 $16 36. Rxe1 g6) 36. Rxe8 Rxe8 {[%emt 0:00:14][%mdl 4096] Endgame KRB-KRB} 37. Rb1 Kf7 38. a4 Re7 $2 (38... g5 {is a better defense.}) 39. a5 {[%emt 0:01:23] White is clearly winning.} Rd7 40. a6 {[%emt 0:01:17] And now Rb7 would win.} Re7 41. Rb7 {[%emt 0:17:04] Threatening mate with Bd6.} Ke6 42. Bd6 Rf7 43. Bxf8 Rxf8 44. Rxg7 {[%emt 0:00:00] KR-KR} Rh8 45. Rxa7 {[%emt 0:00:00] Rc7 is the strong threat.} Rxh5 46. Rc7 Rh1 47. Rxc6+ Kf5 48. Rd6 Ra1 49. Rxd5+ Ke6 50. Rd6+ Ke7 51. Ke4 Re1+ 52. Kf5 Rf1 53. f4 (53. Rxf6 Rxf3+ 54. Ke5 Rxf6 55. a7 Ra6 56. Kf4 Rxa7 57. Ke5 Ra4 58. Kd5 Kd7 59. Ke5 Kc6 60. Ke4 Ra7 61. Ke5 Re7+ 62. Kf6 Re4 63. Kg5 Rxd4 64. Kf5 Kxc5 65. Ke5 Rh4 66. Kf6 Kd6 67. Kg5 Ra4 68. Kf5 Rd4 69. Kg6 Ke6 70. Kg5 Re4 71. Kg6 Rg4+ 72. Kh5 Kf5 73. Kh6 Kf6 74. Kh7 Rh4+ 75. Kg8 Rh3 76. Kf8 Rh8#) 53... Rd1 54. d5 Rc1 55. a7 Ra1 56. Rxf6 Rxa7 57. d6+ Ke8 58. c6 Ra5+ 59. Ke6 {[%emt 0:00:00] Weighted Error Value: White=0.22 (precise) /Black=0.56} 1-0

[Event "GER-ch Youth-U18w 2023"]
[Site "Willingen"]
[Date "2023.06.02"]
[Round "8.7"]
[White "Peglau, Mirjam"]
[Black "Kalina, Lena"]
[Result "1-0"]
[Annotator "TA"]
[ECO "A03"]
[WhiteElo "1932"]
[BlackElo "1776"]
[PlyCount "151"]
[EventDate "2022.06.05"]
[EventType "swiss"]
[EventRounds "9"]
[EventCountry "GER"]
[SourceTitle "playchess.com"]
[Source "ChessBase"]
[SourceQuality "1"]
[TimeControl "40/4500+30:900+30"]

1. f4 d5 2. Nf3 c5 3. g3 Nc6 4. Bg2 g6 5. d3 Nf6 6. Nc3 Bg7 7. O-O O-O 8. e4 d4 9. Ne2 e5 10. h3 Ne8 {[%emt 0:06:31] [#] A03: Bird's Opening with 1...d5.} 11. Kh2 $146 ({Predecessor:} 11. g4 exf4 12. Bxf4 Qe7 13. Qd2 Nd6 14. Bh6 f6 15. Bxg7 Kxg7 16. Rae1 Nf7 17. Ng3 {1-0 Fernandez Rodriguez,J (2167)-Garcia Moral Garcia,J (2305) ESP-ch rapid 2017 (4)}) 11... Nd6 12. fxe5 Nxe5 {[%emt 0:01:14] The position is equal.} 13. Bf4 f6 14. a3 Ndf7 15. b4 Nxf3+ 16. Bxf3 cxb4 17. axb4 Ne5 18. Bg2 Qb6 19. Qb1 Be6 20. Qb2 Rfd8 21. Rfc1 (21. Bd2 $14) 21... Rac8 (21... a5 $15 {feels stronger.}) 22. Ra4 a6 23. Qa1 (23. b5 $11 {remains equal.}) 23... Bd7 (23... Kh8 $1 $17) 24. b5 Bxb5 ({Don't play} 24... Qxb5 25. Ra5 Qb6 26. Nxd4 $11) (24... g5 $15 25. Bd2 axb5) 25. Rxd4 $11 Be8 26. Rxd8 (26. Rb1 $5 Qc7 27. Rxd8 Qxd8 28. Nd4 $14 (28. Rxb7 Rxc2 29. Bxe5 fxe5 $11)) 26... Rxd8 27. d4 Nc4 28. Rb1 {[%emt 0:03:14] Against a5} Qa7 29. Qa2 Bf7 ({Black should try} 29... Rc8 $11) 30. d5 (30. e5 $1 $14 Nxe5 31. Qa5) 30... Nd6 $2 (30... Rc8 $11 {and Black stays safe.} 31. c3 g5) 31. Qa5 $18 Qa8 32. Qb4 {[%emt 0:02:14] Inhibits Nc4.} (32. Bxd6 $1 $18 {is more deadly.} Rxd6 33. Qc7) 32... a5 $16 33. Qb6 Nc4 34. Qxb7 Qxb7 35. Rxb7 f5 (35... g5 $16 {keeps fighting.}) 36. Rc7 {[%emt 0:02:55] And now Bg5 would win.} Ne5 (36... Nb6 $142) 37. exf5 $18 {[%emt 0:03:29] Nd4 would be deadly.} gxf5 (37... Bf6 {was called for.} 38. c4 a4 39. fxg6 hxg6) 38. Rc5 $2 (38. Nd4 $18 Ng4+ {[%mdl 64] Discovered Attack} 39. hxg4 Bxd4 40. Bg5 (40. gxf5 Bxd5 41. Bg5 Rd6 $18)) 38... a4 (38... Bh5 $16) 39. Ra5 $1 Be8 40. Ra7 Nc4 41. c3 $1 Bh5 (41... a3 $16 42. Nd4 Bxd4 43. cxd4 Bf7) 42. Nd4 Bxd4 43. cxd4 Be8 44. d6 Nxd6 45. Bd5+ {[%emt 0:00:09] This pair of bishops is nice.} Nf7 $2 (45... Bf7 $16) 46. Bxf7+ $2 (46. Be6 $1 $18) 46... Bxf7 $14 47. Rxa4 $18 {[%emt 0:00:03][%mdl 4096] Endgame KRB-KRB. White is much more active.} Be6 48. Be5 Rd7 49. Kg2 Kf7 50. Kf3 Rb7 51. Kf4 h6 52. Ra8 Kg6 53. Ra6 {[%emt 0:00:30] Prevents Rb6.} Kf7 54. Rc6 Rd7 55. h4 {[%emt 0:00:44][%cal Bh3h4,Bh4h5][%mdl 32] Threatens to win with h5.} Rd8 (55... Ra7 $16 {might work better.} 56. h5 Ke7 57. Bd6+ Kd7) 56. Rc7+ Kg6 57. Rc6 (57. Ra7 $142) 57... Kf7 58. h5 Rd7 59. Ke3 Ra7 60. Kf4 (60. Rb6 $142 $1) 60... Rd7 $1 61. Rc7 $2 {[%emt 0:00:20] Prevents} (61. Ra6 $18) 61... Rxc7 $14 62. Bxc7 {[%emt 0:00:02] KB-KB} Ke7 63. Ke5 $1 {[%emt 0:00:31][%cal Oc7d8] Strongly threatening Bd8+!} Bf7 $1 64. Kxf5 {[%emt 0:00:13] Black must now prevent Kg4.} Bxh5 65. Bf4 Be8 ({Black should play} 65... Bd1 $14) 66. Bxh6 $16 Kd6 (66... Bd7+ $16 67. Ke5 Bg4) 67. g4 $18 Bf7 68. Bf4+ Kd5 $2 (68... Ke7 $18 69. g5 Be6+ 70. Kg6 Ba2) 69. Be5 $2 (69. Kf6 {mates} Bg8 70. Be5 Bh7 71. g5 Ke4 72. g6 Bg8 73. Ke7 Kf5 74. Kf8) 69... Bg8 $2 (69... Be6+ $18 70. Kf4 Bf7) 70. g5 {[%emt 0:00:23] White mates.} Kc6 71. Kf6 Kd7 72. g6 Ke8 {[%emt 0:00:37] [#]} 73. Kg7 $1 Bd5 {[%emt 0:00:28] [#]} 74. Kh8 $1 Be4 75. g7 Bd5 76. g8=Q+ {[%emt 0:00:07] Weighted Error Value: White=0.37/Black=0.34} 1-0

[Event "GER-ch Youth-U18w 2023"]
[Site "Willingen"]
[Date "2023.06.02"]
[Round "8.8"]
[White "Werner, Rosalie"]
[Black "Zoellner, Bente"]
[Result "1/2-1/2"]
[Annotator "NA RC COMBH"]
[ECO "B32"]
[WhiteElo "1751"]
[BlackElo "1700"]
[PlyCount "110"]
[EventDate "2022.06.05"]
[EventType "swiss"]
[EventRounds "9"]
[EventCountry "GER"]
[SourceTitle "playchess.com"]
[Source "ChessBase"]
[SourceQuality "1"]
[TimeControl "40/4500+30:900+30"]

1. e4 c5 2. Nf3 Nc6 3. d4 cxd4 4. Nxd4 e5 5. Nb5 d6 6. c4 Be6 7. N1c3 a6 8. Na3 Be7 9. Nc2 Rc8 10. Qd3 Nf6 11. b3 O-O 12. Be2 Nd7 13. Ne3 Nc5 14. Qd1 Bg5 15. O-O Nd4 16. Bg4 Bxe3 17. Bxe3 Bxg4 18. Qxg4 Nce6 19. Nd5 b5 20. Bxd4 Nxd4 21. Ne3 Re8 22. Rfd1 Rc7 23. Rd3 bxc4 24. Nxc4 Re6 25. Qd1 Rd7 26. Rc1 Kf8 27. Ne3 Qh4 28. f3 Rd8 29. Qd2 Rg6 30. Qf2 Qg5 31. Rdc3 f5 32. Nxf5 Nxf5 33. exf5 Qxf5 34. Qb6 Rd7 35. Qxa6 Re6 36. Qa8+ Re8 37. Qd5 Qe6 38. Rd3 Kf7 39. b4 Qxd5 40. Rxd5 Ra8 41. Rd2 Ke7 42. Kf2 Ra4 43. Rb2 Rb7 44. Rcb1 Kd7 45. Ke3 Rb5 46. Kd3 d5 47. Kc3 Ra3+ 48. Kd2 Ra4 49. Kc3 Ra3+ 50. Kc2 Ra4 51. Rd1 Kd6 52. Kc3 Ra3+ 53. Kc2 Ra4 54. Kc3 Ra3+ 55. Kc2 Ra4 1/2-1/2

[Event "GER-ch Youth-U18w 2023"]
[Site "Willingen"]
[Date "2023.06.02"]
[Round "8.9"]
[White "Derling, Charlotte"]
[Black "Foltin, Alica"]
[Result "1/2-1/2"]
[Annotator "NA RC COMBH"]
[ECO "B32"]
[WhiteElo "1664"]
[BlackElo "1540"]
[PlyCount "81"]
[EventDate "2022.06.05"]
[EventType "swiss"]
[EventRounds "9"]
[EventCountry "GER"]
[SourceTitle "playchess.com"]
[Source "ChessBase"]
[SourceQuality "1"]
[TimeControl "40/4500+30:900+30"]

1. e4 c5 2. Nf3 Nc6 3. d4 cxd4 4. Nxd4 e5 5. Nb5 a6 6. Nd6+ Bxd6 7. Qxd6 Qf6 8. Qxf6 Nxf6 9. Nc3 d5 10. Bd3 Nb4 11. f3 dxe4 12. fxe4 h6 13. Be3 Be6 14. Bc5 Nxd3+ 15. cxd3 Nd7 16. Be3 f6 17. O-O Rd8 18. Rfd1 O-O 19. h3 Nb8 20. d4 exd4 21. Bxd4 Nc6 22. Bb6 Rde8 23. Nd5 Bc8 24. Re1 Re5 25. Bc7 Ree8 26. Rad1 b5 27. Bb6 Ne5 28. Kh1 Bb7 29. Rd4 Nc6 30. Rdd1 Ne5 31. Rd4 Re6 32. Bc5 Rc8 33. Ne7+ Rxe7 34. Bxe7 Rc2 35. Ba3 Nc4 36. Rd8+ Kh7 37. Rd7 Bc6 38. Ra7 Nxa3 39. bxa3 f5 40. Rxa6 Bxe4 41. Rg1 1/2-1/2

[Event "GER-ch Youth-U18w 2023"]
[Site "Willingen"]
[Date "2023.06.02"]
[Round "8.10"]
[White "Dohon, Maria-Johanna"]
[Black "Glowiak, Alexandra"]
[Result "0-1"]
[Annotator "NA RC COMBH"]
[ECO "D35"]
[WhiteElo "1507"]
[BlackElo "1660"]
[PlyCount "82"]
[EventDate "2022.06.05"]
[EventType "swiss"]
[EventRounds "9"]
[EventCountry "GER"]
[SourceTitle "playchess.com"]
[Source "ChessBase"]
[SourceQuality "1"]
[TimeControl "40/4500+30:900+30"]

1. d4 d5 2. c4 e6 3. Nc3 Nf6 4. Nf3 Be7 5. Bf4 c6 6. e3 O-O 7. Rc1 Nbd7 8. cxd5 exd5 9. Bd3 Re8 10. O-O Nf8 11. h3 Bd6 12. Bxd6 Qxd6 13. Ne5 N6d7 14. f4 f6 15. Nxd7 Bxd7 16. Qf3 Re7 17. Rfe1 Ne6 18. Re2 Rae8 19. Rce1 b6 20. Bb1 Bc8 21. Bd3 Bb7 22. Qf2 a6 23. g4 c5 24. dxc5 bxc5 25. Rd1 d4 26. Ne4 Qd5 27. b3 Kh8 28. Qh4 Nf8 29. Rde1 Rxe4 30. Bxe4 Qxe4 31. Qg3 d3 32. Rd2 Ng6 33. Red1 Rd8 34. Kf2 c4 35. bxc4 Qxc4 36. h4 Be4 37. Rb1 Ne7 38. f5 Rg8 39. Qd6 Qc3 40. Ke1 Nd5 41. Rb8 Qc1+ 0-1

[Event "GER-ch Youth-U18w 2023"]
[Site "Willingen"]
[Date "2023.06.02"]
[Round "8.11"]
[White "Gossing, Marie-Sophie"]
[Black "Kieckbusch, Lotta"]
[Result "0-1"]
[Annotator "NA RC COMBH"]
[ECO "B21"]
[WhiteElo "1395"]
[BlackElo "1308"]
[PlyCount "33"]
[EventDate "2022.06.05"]
[EventType "swiss"]
[EventRounds "9"]
[EventCountry "GER"]
[SourceTitle "playchess.com"]
[Source "ChessBase"]
[SourceQuality "1"]
[TimeControl "40/4500+30:900+30"]

1. e4 c5 2. d4 cxd4 3. c3 dxc3 4. Nxc3 Nc6 5. Nf3 e6 6. Bc4 Bb4 7. O-O Nge7 8. Nb5 d5 9. exd5 exd5 10. Bxd5 Nxd5 11. Qxd5 O-O 12. Qh5 Qa5 13. Ng5 h6 14. Ne4 a6 15. Bxh6 Qxb5 16. Qxb5 axb5 17. Be3 0-1

[Event "GER-ch Youth-U18w 2023"]
[Site "Willingen"]
[Date "2023.06.02"]
[Round "8.12"]
[White "Avetyan, Manan"]
[Black "Evering, Enna"]
[Result "0-1"]
[Annotator "NA RC COMBH"]
[ECO "C45"]
[WhiteElo "1368"]
[BlackElo "1548"]
[PlyCount "89"]
[EventDate "2022.06.05"]
[EventType "swiss"]
[EventRounds "9"]
[EventCountry "GER"]
[SourceTitle "playchess.com"]
[Source "ChessBase"]
[SourceQuality "1"]
[TimeControl "40/4500+30:900+30"]

1. e4 e5 2. Nf3 Nc6 3. d4 exd4 4. Nxd4 Qf6 5. Nxc6 Bc5 6. Qe2 dxc6 7. Nc3 Ne7 8. a3 Be6 9. Be3 Bxe3 10. Qxe3 O-O 11. O-O-O b5 12. Bd3 Ng6 13. g3 a5 14. f4 b4 15. Nb1 bxa3 16. Nxa3 Bg4 17. e5 Qe7 18. Rdf1 Bd7 19. Re1 Rfe8 20. Rhg1 f5 21. h3 Be6 22. g4 Qd7 23. gxf5 Bxf5 24. Bxf5 Qxf5 25. Rg5 Qxf4 26. e6 Rxe6 27. Qxf4 Rxe1+ 28. Kd2 Nxf4 29. Kxe1 Nxh3 30. Rc5 Re8+ 31. Kd2 Re6 32. Rxa5 Nf4 33. Nc4 Nd5 34. c3 Kf7 35. Rc5 Kf6 36. Na5 Ne7 37. Kd3 Re5 38. Kd4 Rxc5 39. Kxc5 h5 40. Nc4 h4 41. Ne3 Ke5 42. Nf1 h3 43. Nh2 g5 44. b4 Kf4 45. Kd4 0-1

[Event "GER-ch Youth-U18w 2023"]
[Site "Willingen"]
[Date "2023.06.03"]
[Round "9.1"]
[White "Wagner, Margarethe"]
[Black "Buchholz, Maja Patricia"]
[Result "0-1"]
[Annotator "NA RC COMBH"]
[ECO "C06"]
[WhiteElo "1831"]
[BlackElo "1899"]
[PlyCount "154"]
[EventDate "2022.06.05"]
[EventType "swiss"]
[EventRounds "9"]
[EventCountry "GER"]
[SourceTitle "playchess.com"]
[Source "ChessBase"]
[SourceQuality "1"]
[TimeControl "40/4500+30:900+30"]

1. e4 e6 2. d4 d5 3. Nd2 Be7 4. Ngf3 Nf6 5. e5 Nfd7 6. c3 c5 7. Bd3 Nc6 8. O-O Qb6 9. dxc5 Nxc5 (9... Qc7 $1 $11 {might be stronger.}) 10. Bc2 Qc7 {[%emt 0:05:24] is the legacy move (10...f6).} 11. Qe2 b6 12. Re1 Ba6 13. Qe3 {[%emt 0:07:25] [#]} h6 $146 ({Predecessor:} 13... Nd7 14. Nb3 g5 15. Nbd4 Nxd4 16. Nxd4 h5 17. a4 h4 18. b4 g4 19. b5 Bb7 {0-1 Hansen,V (1912)-Manakova,M (2274) Terre degli Elimi op 7th 2016 (2)}) 14. Nd4 Nd7 15. Nxc6 Qxc6 16. Nf3 Bc5 17. Nd4 Qc7 18. Qf4 g5 19. Qe3 O-O-O 20. b4 Bxd4 21. Qxd4 Bc4 22. a4 Rdg8 23. Ba3 h5 24. Rab1 (24. b5 $16) 24... g4 25. b5 Nc5 26. a5 $11 Kd7 27. Qe3 Rb8 28. Qf4 Kc8 29. Bxc5 bxc5 30. b6 axb6 31. axb6 Qe7 32. Rb2 Kb7 33. Ra1 Ra8 34. Ra7+ Rxa7 35. bxa7+ Ka8 36. Ba4 Kxa7 37. Qc1 Rb8 38. Bb3 Rxb3 39. Rxb3 Bxb3 40. Qa3+ Kb8 41. Qxb3+ Qb7 42. Qc2 d4 43. g3 Qd5 44. cxd4 Qxd4 45. Qb1+ Kc7 46. Qh7 Qd1+ 47. Kg2 Qf3+ 48. Kg1 Qf5 49. Qh8 Kc6 50. Qa8+ Kb5 51. Qb7+ Kc4 52. Qa6+ Kd5 53. Qd6+ Kc4 54. Qa6+ Kc3 55. Qa5+ Kd4 56. Qa1+ Kd5 57. Qa8+ Kxe5 58. Qh8+ Ke4 59. Qc3 Qd5 60. Qe3+ Kf5 61. Qh6 Qd1+ 62. Kg2 Qf3+ 63. Kg1 c4 64. Qh7+ Kf6 65. Qh6+ Ke7 66. Qg5+ Kd6 67. Qd8+ Kc5 68. Qc7+ Kd4 69. Qd7+ Kc3 70. Qd6 Kc2 71. Qa6 c3 72. Qa4+ Kd2 73. Qd7+ Ke1 74. Qd4 c2 75. Qb4+ Ke2 76. Qb5+ Qd3 77. Qe5+ Kd1 0-1

[Event "GER-ch Youth-U18w 2023"]
[Site "Willingen"]
[Date "2023.06.03"]
[Round "9.2"]
[White "Groeschel, Karoline"]
[Black "Reuter, Elisa"]
[Result "1/2-1/2"]
[Annotator "TA"]
[ECO "B31"]
[WhiteElo "1892"]
[BlackElo "1944"]
[PlyCount "103"]
[EventDate "2022.06.05"]
[EventType "swiss"]
[EventRounds "9"]
[EventCountry "GER"]
[SourceTitle "playchess.com"]
[Source "ChessBase"]
[SourceQuality "1"]
[TimeControl "40/4500+30:900+30"]

1. e4 c5 2. Nf3 Nc6 3. Bb5 g6 4. Bxc6 dxc6 5. d3 Bg7 6. h3 e5 7. O-O Qe7 8. a4 {[%emt 0:00:00] B31: Sicilian: 2...Nc6 3 Bb5 g6.} Nf6 9. a5 (9. Bg5 $5) 9... O-O 10. Nc3 {[%emt 0:00:00] White has an edge.} Rb8 {[%emt 0:00:00] [#]} 11. Nh2 $146 ({Predecessor:} 11. Be3 b6 12. axb6 axb6 13. Qd2 Rd8 14. Nxe5 Bb7 15. f4 Nh5 16. Qf2 Rf8 17. Nc4 {1-0 Dek,L (2335)-Regoli,S (2256) PRO League Stage rapid 2019 (7)}) 11... Ne8 12. f4 f6 13. f5 Nd6 14. fxg6 hxg6 15. Be3 b6 16. Qd2 Be6 17. Bh6 Bxh6 (17... c4 $11) 18. Qxh6 $14 Qg7 19. Qe3 Rb7 20. Nf3 Qh7 21. Qf2 {[%emt 0:03:34][%cal Of3e5] Nxe5! is the strong threat.} Qg7 22. axb6 axb6 23. Ra6 Rfb8 24. Nh4 Rf7 25. Qg3 g5 {[%emt 0:01:27] aiming for ...Bc8.} 26. Nf3 Bc8 27. Raa1 Be6 {[%emt 0:00:23] [#]} (27... g4 $11 {remains equal.}) 28. Rf2 (28. Nh2 $1 $16) 28... Rbf8 29. Raf1 (29. Ra6 $5 ) 29... g4 30. hxg4 Qxg4 31. Qxg4+ Bxg4 32. Na4 Nc8 33. Nh4 {[%emt 0:01:39] Black must now prevent Ng6.} Kg7 {[%emt 0:00:58] Dodges Ng6} 34. Nf5+ Bxf5 {[%emt 0:00:20] The position is equal.} 35. Rxf5 Rh8 36. g4 Rh4 37. g5 Rg4+ 38. Kh2 Rxg5 39. Rxg5+ fxg5 40. Rxf7+ Kxf7 $11 {[%emt 0:00:05][%mdl 4096] Endgame KN-KN} 41. Kg3 Ke6 42. Kg4 Kd6 43. Kxg5 b5 44. Nc3 Ke6 45. Ne2 Nb6 46. b3 Nd7 47. Ng3 Nb8 48. Nf5 Nd7 49. Kg6 {[%emt 0:00:00] Black should prevent Ng7+.} Nf8+ 50. Kg7 Nd7 51. Nh6 c4 52. bxc4 {[%emt 0:01:43] Weighted Error Value: White=0.11 (very precise) /Black=0.11 (very precise)} 1/2-1/2

[Event "GER-ch Youth-U18w 2023"]
[Site "Willingen"]
[Date "2023.06.03"]
[Round "9.3"]
[White "Heutling, Elina"]
[Black "Doll, Rebecca"]
[Result "1/2-1/2"]
[Annotator "TA"]
[ECO "C77"]
[WhiteElo "1878"]
[BlackElo "1918"]
[PlyCount "103"]
[EventDate "2022.06.05"]
[EventType "swiss"]
[EventRounds "9"]
[EventCountry "GER"]
[SourceTitle "playchess.com"]
[Source "ChessBase"]
[SourceQuality "1"]
[TimeControl "40/4500+30:900+30"]

1. e4 e5 2. Nf3 Nc6 3. Bb5 a6 4. Ba4 Nf6 5. d3 d6 6. c4 g6 7. Nc3 Bg7 8. Nd5 {[%emt 0:00:00] C77: Ruy Lopez: 3...a6 4 Ba4 Nf6, unusual lines.} O-O 9. Bg5 Be6 10. O-O Bxd5 (10... Na7 $11) 11. cxd5 $16 {[%emt 0:00:32] [#]} ({Much weaker is} 11. exd5 Ne7 $14) 11... Nb8 $146 ({Predecessor:} 11... Ne7 12. Rc1 h6 13. Bd2 Nh5 14. Ba5 Rc8 15. Qc2 b6 16. Bd2 f5 17. Bc6 g5 {0-1 Urazayev,A (2438)-Pranav,V (2486) Titled Tuesday intern op 01st Feb-B blitz 2022 (9)}) 12. Rc1 {[%emt 0:07:59] White is more active.} Nbd7 13. Bxd7 ({White should try} 13. h3 $16) 13... Qxd7 $14 14. Bxf6 Bxf6 15. a4 Rfc8 16. b4 c6 17. Qb3 Rc7 18. Rc2 Rac8 19. Rfc1 Bg7 (19... cxd5 $15 20. exd5 (20. Rxc7 Rxc7 21. Rxc7 Qxc7 $17) 20... Rxc2 21. Rxc2 b5 22. Rxc8+ Qxc8) 20. Rc4 {[%emt 0:01:20] [#]} (20. dxc6 $11 bxc6 21. Rb2) 20... cxd5 $1 $17 21. exd5 b5 22. axb5 axb5 23. Rxc7 Rxc7 24. Rxc7 (24. Qa3 $15 {deserves consideration.}) 24... Qxc7 $15 {[%emt 0:00:03][%mdl 4096] Endgame KQB-KQN} 25. Qa3 {[%emt 0:00:13] Wards off Qc1+} Qb7 26. Qa2 h6 (26... Qc8 $17 {( -> ...Qc1+)} 27. Qa3 Qc2) 27. Nd2 {[%emt 0:02:18] [#]} (27. h4 $11 {remains equal.}) 27... f5 (27... Qc8 $1 $17 {Threatens to win with ...Qc3.} 28. Qa3 Qc2) 28. h3 Bf6 29. Nb1 Kf7 30. Kh1 (30. Qc2 $11) 30... Qc7 31. Qd2 {[%emt 0:01:04] Against Qc1+} Bg5 32. Qc3 Qxc3 33. Nxc3 $11 {[%emt 0:00:01] KB-KN} Bd2 34. Na2 Ke7 35. Kg1 {[%emt 0:00:16] The position is equal.} Kd7 36. Kf1 {[%emt 0:00:06] And now Ke2 would win.} Kc7 37. Ke2 Bg5 38. Nc3 Kb6 39. f3 Bf6 40. Kd2 Bg5+ 41. Ke2 Bf6 42. Na2 Bh4 43. g4 Bg5 44. Nc3 Bc1 45. Kd1 Bb2 46. Nb1 Bd4 47. Kc2 Kc7 48. Na3 Kb6 49. Kb3 Bf2 50. Nc2 Kc7 51. Kc3 Kb6 52. Kd2 {[%emt 0:01:04] Weighted Error Value: White=0.17 (very precise) /Black=0.21 (precise)} 1/2-1/2

[Event "GER-ch Youth-U18w 2023"]
[Site "Willingen"]
[Date "2023.06.03"]
[Round "9.4"]
[White "Albayrak, Nese Pinar"]
[Black "Derling, Charlotte"]
[Result "1/2-1/2"]
[Annotator "NA RC COMBH"]
[ECO "B78"]
[WhiteElo "1763"]
[BlackElo "1664"]
[PlyCount "93"]
[EventDate "2022.06.05"]
[EventType "swiss"]
[EventRounds "9"]
[EventCountry "GER"]
[SourceTitle "playchess.com"]
[Source "ChessBase"]
[SourceQuality "1"]
[TimeControl "40/4500+30:900+30"]

1. e4 c5 2. Nf3 d6 3. d4 cxd4 4. Nxd4 Nf6 5. Nc3 g6 6. Be3 Bg7 7. f3 Nc6 8. Bc4 O-O 9. Qd2 Bd7 10. O-O-O Rc8 11. Bb3 Nxd4 12. Bxd4 b5 13. Nd5 Nxd5 14. Bxg7 Kxg7 15. exd5 a5 16. a3 Kg8 17. h4 b4 18. a4 Qe8 19. h5 Bf5 20. Kb1 gxh5 21. Rxh5 Bg6 22. Rh2 f6 23. g4 Qf7 24. f4 f5 25. g5 Rc5 26. Re1 Re8 27. Re6 Qg7 28. Qe1 Kf8 29. Qh4 Kg8 30. Qe1 Kf8 31. Rd2 Bf7 32. Ree2 Bg6 33. Qf2 Rec8 34. Qd4 Qxd4 35. Rxd4 R8c7 36. Rd3 Rb7 37. Kc1 Kf7 38. Kd2 Rc8 39. Rde3 Rcc7 40. Rd3 Rc8 41. Rd4 Rbc7 42. Kd3 Rc5 43. Bc4 R8c7 44. c3 bxc3 45. bxc3 Kg7 46. Rb2 Be8 47. Ra2 1/2-1/2